 Dungeon Crawl Stone Soup version 0.28.0-45-g0d030f2227 (webtiles) character file.

Game seed: 3180336066155809209

35 MisterFreud the Changer (level 3, 0/28 HPs)
             Began as a Draconian Transmuter on Apr 13, 2022.
             Hit by a boomerang thrown by an orc (4 damage)
             ... on level 2 of the Dungeon.
             The game lasted 00:01:19 (1199 turns).

MisterFreud the Changer (Draconian Transmuter)      Turns: 1199, Time: 00:01:20

Health: 0/28       AC:  5    Str: 12    XL:     3   Next: 17%
Magic:  6/6        EV: 12    Int: 15    God:
Gold:   28         SH:  0    Dex: 11    Spells: 5/6 levels left

rFire   . . .      SeeInvis .     - Unarmed
rCold   . . .      Faith    .   (no shield)
rNeg    . . .      Spirit   .   (armour unavailable)
rPois   .          Reflect  .   (helmet currently unavailable)
rElec   .          Harm     .   (no cloak)
rCorr   .          Rampage  .   (no gloves)
Will    .....                   (boots currently unavailable)
Stlth   +.........              (no amulet)
HPRegen 0.09/turn               (no ring)
MPRegen 0.10/turn               (no ring)

@: appendages (expiring)
A: horns 2, talons 2, AC +5, unfitting armour, cold-blooded
a: End Transformation


You were on level 2 of the Dungeon.
You had temporarily grown beastly horns and talons.
You visited 1 branch of the dungeon, and saw 2 of its levels.

You collected 78 gold pieces.
You spent 50 gold pieces at shops.

Inventory:

Missiles
 c - 5 poisoned darts
Scrolls
 b - a scroll of fear {unknown}
Potions
 a - 2 potions of heal wounds


   Skills:
 - Level 1.1 Fighting
 - Level 1.7 Dodging
 - Level 3.0 Unarmed Combat
 - Level 2.0 Spellcasting
 + Level 3.7 Transmutations


You had 5 spell levels left.
You knew the following spells:

 Your Spells              Type           Power      Damage    Failure   Level
a - Beastly Appendage     Tmut           24%        N/A       4%          1

Your spell library contained the following spells:

 Spells                   Type           Power      Damage    Failure   Level
 Wereblood                Tmut           12%        N/A       8%          2
 Foxfire                  Conj/Fire      4%         2x1d4     22%         1
 Spider Form              Tmut/Pois      7%         N/A       30%         3
 Conjure Flame            Conj/Fire      1%         6-21      54%         3
 Inner Flame              Hex/Fire       1%         N/A       54%         3
 Ice Form                 Ice/Tmut       7%         N/A       71%         4
 Flame Wave               Conj/Fire      1%         2d4       91%         4


Dungeon Overview and Level Annotations

Branches:
Dungeon (2/15)

Altars:

Shops:
D:1 !


Innate Abilities, Weirdness & Mutations

You have temporarily grown beastly horns and talons.
Your plain brown scales are hard. (AC +5)
You cannot fit into any form of body armour.
You are cold-blooded and may be slowed by cold attacks.


Message History

The orc hits you from afar with a +0 trident.
You barely miss the orc. The orc hits you but does no damage. x2
You closely miss the orc. You tail-slap the orc.
The orc is heavily wounded.
The orc barely misses you. The orc closely misses you.
The orc hits you but does no damage.
You hit the orc.
You kill the orc!
The orc misses you. The orc hits you but does no damage.
You hit the orc but do no damage. You claw the orc.
Your headbutt misses the orc.
The orc is lightly wounded.
The orc hits you from afar with a +0 trident.
The orc closely misses you.
You barely miss the orc. Your kick misses the orc.
The orc is lightly wounded.
The orc hits you from afar with a +0 trident.
The orc hits you with a +0 dagger.
You hit the orc but do no damage. You claw the orc, but do no damage.
The orc is lightly wounded.
The orc hits you from afar with a +0 trident.
The orc hits you but does no damage.
You are too injured to fight recklessly!
You are too injured to fight recklessly!
You closely miss the orc. Your kick misses the orc.
The orc is lightly wounded.
The orc closely misses you.
You barely miss the orc. You headbutt the orc.
The orc is almost dead.
The orc barely misses you. The orc hits you with a +0 dagger.
You hit the orc.
You kill the orc!
The orc hits you from afar with a +0 trident!
* * * LOW HITPOINT WARNING * * *
The orc throws a boomerang.
The boomerang hits you but does no damage.
There is an open door here.
Your transformation is almost over.
The orc throws a boomerang.
The boomerang hits you.
You die...

##########
#........
#........ ........
#...###########
+...o...@.....#
#...#####..##.#
#).†# #.....#
.......).# #...###
.........# #...# #
.........#####...#
.
.......####.....<#
.# .......
#....#.###.##.
.......
#.>..#.#......


You could see an orc.

Vanquished Creatures
  2 dart slugs (D:1)
  2 orcs (D:2)
  2 endoplasms (D:1)
  A giant cockroach (D:1)
  6 hobgoblins (D:1)
  3 quokkas (D:1)
  2 ball pythons
  2 frilled lizards (D:1)
  2 goblins (D:1)
  6 rats
28 creatures vanquished.

Notes
Turn   | Place    | Note
-------+----------+-------------------------------------------
     0 | D:1      | MisterFreud the Draconian Transmuter began the quest for
                  | the Orb.
     0 | D:1      | Reached XP level 1. HP: 16/16 MP: 3/3
    84 | D:1      | Found Mowaeh's Distillery.
   335 | D:1      | Reached XP level 2. HP: 23/23 MP: 3/5
   780 | D:1      | Reached XP level 3. HP: 21/28 MP: 6/6
   994 | D:1      | Bought a potion of heal wounds for 50 gold pieces
  1199 | D:2      | Hit by a boomerang thrown by an orc

Illustrated notes

Levels and vault maps discovered:
D:1:      dpeg_arrival_castle, layout_rooms, serial_shops,
          nicolae_shop_advertising_works [nicolae_subvault_shop_adworks]
D:2:      layout_basic, supply_closet_lemuel

Skill      XL: |  1  2 |
---------------+-------+-----
Transmutations | 3 |  3.7
Fighting       | |  1.1
Dodging        | |  1.7
Unarmed Combat | |  3.0
Spellcasting   | |  2.0

Action                   || total
-------------------------++-------
Melee: Unarmed           ||    70
       Tailslap          ||     6
       Headbutt          ||     6
       Punch             ||     1
       Kick              ||    14
 Cast: Beastly Appendage ||    13
Armor: Skin              ||    19
Dodge: Dodged            ||    40
